 Dungeon Crawl Stone Soup version 0.30.0-18-gc0e69614cb (webtiles) character file.

Game seed: 1883947207602603557

25113 olmar the Basher (level 13, -2/122 HPs)
             Began as a Naga Fighter on May 24, 2023.
             Was an Initiate of Gozag.
             Slain by a komodo dragon (14 damage)
             ... on level 13 of the Dungeon.
             The game lasted 00:21:02 (18238 turns).

olmar the Basher (Naga Fighter)                    Turns: 18238, Time: 00:21:03

Health: -2/122     AC: 15    Str: 23    XL:     13   Next: 17%
Magic:  13/13      EV: 10    Int:  9    God:    Gozag
Gold:   495        SH:  6    Dex: 17    Spells: 12/12 levels left

rFire   . . .        L - +2 flail (protect)
rCold   . . .        c - +0 buckler
rNeg    . . .        m - +2 scale mail of the Stallion {rPois}
rPois   +            o - +2 helmet
rElec   .            (no cloak)
rCorr   .            (no gloves)
SInv    +            (no barding)
Will    ++...        (no amulet)
Stlth   ++           l - ring of willpower
HPRegen 0.40/turn    y - +6 ring of dexterity
MPRegen 0.13/turn

%: no passive effects
@: on berserk cooldown, slowed, very slow
A: AC +4, large, see invisible, deformed body, poison resistance, slowness 2,
spit poison 1, naga tail 2
a: Spit Poison, Renounce Religion, Potion Petition, Call Merchant, Bribe Branch


You were on level 13 of the Dungeon.
You worshipped Gozag.
Gozag was aware of your devotion.
You visited 4 branches of the dungeon, and saw 16 of its levels.

You collected 2590 gold pieces.
You spent 247 gold pieces at shops.
You paid 1848 gold pieces to Gozag.

Inventory:

Hand Weapons
 a - a +0 flail
 p - a +4 flail
 F - a +2 flail of freezing
 L - a +2 flail of protection (weapon)
Missiles
 s - 3 javelins (quivered)
 K - a throwing net
 M - a poisoned dart
Armour
 b - a +0 scale mail
 c - a +0 buckler (worn)
 m - the +2 scale mail of the Stallion (worn) {rPois}
   (You found it on level 2 of the Dungeon)

   rPois:     It protects you from poison.
 o - a +2 helmet (worn)
Jewellery
 f - a +6 ring of dexterity
 l - a ring of willpower (left hand)
 n - a +6 ring of dexterity
 y - a +6 ring of dexterity (right hand)
 B - a ring of fire
Wands
 e - a wand of mindburst (5)
 t - a wand of polymorph (2)
 H - a wand of digging (2)
 I - a wand of flame (4)
Scrolls
 d - 2 scrolls of poison
 g - 6 scrolls of immolation
 h - 2 scrolls of amnesia
 i - 5 scrolls of enchant weapon
 u - 2 scrolls of identify
 x - 3 scrolls of magic mapping
 G - 2 scrolls of enchant armour
Potions
 j - 3 potions of attraction
 k - 2 potions of magic
 r - 4 potions of flight
 w - a potion of degeneration
 z - a potion of cancellation {unknown}
 C - a potion of ambrosia {unknown}
 D - a potion of brilliance {unknown}
 E - a potion of mutation {unknown}


   Skills:
 + Level 9.7 Fighting
 + Level 13.3 Maces & Flails
 - Level 0.4 Throwing
 + Level 9.9 Armour
 - Level 4.7 Dodging
 + Level 7.0 Stealth
 + Level 6.4 Shields
 + Level 2.2 Evocations


You had 12 spell levels left.
You didn't know any spells.
Your spell library contained the following spells:

 Spells                   Type           Power      Damage    Failure   Level
 Apportation              Tloc           0%         N/A       71%         1
 Freeze                   Ice            0%         1d3       71%         1
 Magic Dart               Conj           0%         1d3       71%         1
 Necrotise                Necr           0%         1d4       71%         1
 Shock                    Conj/Air       0%         1d3       71%         1
 Summon Small Mammal      Summ           0%         N/A       71%         1
 Poisonous Vapours        Pois/Air       0%         N/A       83%         2
 Searing Ray              Conj           0%         2d4       83%         2
 Static Discharge         Conj/Air       0%         2-2/arc   83%         2
 Call Canine Familiar     Summ           0%         N/A       97%         3
 Frozen Ramparts          Ice            0%         1d1       97%         3
 Hailstorm                Conj/Ice       0%         3d3       97%         3
 Mephitic Cloud           Conj/Pois/Air  0%         N/A       97%         3
 Ozocubu's Armour         Ice            0%         N/A       97%         3
 Portal Projectile        Hex/Tloc       0%         N/A       97%         3
 Swiftness                Air            0%         N/A       97%         3
 Tukima's Dance           Hex            0%         N/A       97%         3
 Airstrike                Air            0%         2d(0-16)  100%        4
 Fulminant Prism          Conj/Hex       0%         3d5       100%        4
 Leda's Liquefaction      Hex/Erth       0%         N/A       100%        4
 Summon Lightning Spire   Summ/Air       0%         N/A       100%        4
 Alistair's Intoxication  Tmut/Pois      0%         N/A       100%        5
 Blade Hands              Tmut           0%         N/A       100%        5
 Freezing Cloud           Conj/Ice/Air   0%         6-21      100%        5
 Metabolic Englaciation   Hex/Ice        0%         N/A       100%        5
 Simulacrum               Ice/Necr       Unusable   N/A       N/A         6

Dungeon Overview and Level Annotations

Branches:
Dungeon (13/15)            Temple (1/1) D:5            Lair (1/5) D:9
    Orc (1/2) D:12
 Vaults: D:13-14

Altars:
Ashenzari
Cheibriados
Dithmenos
Elyvilon
Fedhas
Gozag
Hepliaklqana
Kikubaaqudgha
Makhleb
Nemelex Xobeh
Okawaru
Qazlal
Ru
Sif Muna
Trog
Uskayaw
Vehumet
Wu Jian
Xom
Yredelemnul
Zin
The Shining One

Shops:
D:3 [   D:10 *

Annotations:
D:5 3 runed translucent doors, jagang's ghost, novice AtFi
D:9 3 runed translucent doors


Innate Abilities, Weirdness & Mutations

Your serpentine skin is tough. (AC +4)
You have supernaturally acute eyesight. (SInv)
Armour fits poorly on your strangely shaped body.
Your system is resistant to poisons. (rPois)
You cover ground very slowly.
You can spit poison.
You can use your snake-like lower body to constrict enemies.


Message History

Unknown command.
Unknown command.
Aiming: Corrosive Bolt
Press: ? - help, Shift-Dir - straight line, f - komodo dragon
Aim: a komodo dragon (heavily wounded, 79% to hit)
Okay, then.
Aiming: Corrosive Bolt
Press: ? - help, Shift-Dir - straight line, f - cyclops
Aim: a cyclops, quivering large rocks (heavily wounded, covered in acid, 98% to hit)
The bolt of acid hits the human!
The human is heavily wounded.
The bolt of acid hits the cyclops!
The cyclops seems to be corroded for longer.
The cyclops is severely wounded.
The now-empty wand crumbles to dust.
The human closely misses you.
You block the human's attack. x2; The komodo dragon bites you!!
* * * LOW HITPOINT WARNING * * *
The human barely misses you. The human closely misses you. x2
The komodo dragon bites you!
* * * LOW HITPOINT WARNING * * *
Unknown command.
Unknown command.
Unknown command.
Blink to where?
Press: ? - help, Dir - move target, p - cyclops A human comes into view.
As you read the scroll labelled UZIETY UPLYQ, it crumbles to dust.
It was a scroll of blinking.
The human shouts!
The human is attracted toward you. x2
The komodo dragon is attracted toward you.
The deep elf pyromancer is attracted toward you.
The human is attracted toward you.
The two-headed ogre is attracted toward you.
The human is attracted toward you. x2; You feel less attractive to monsters.
You block the komodo dragon's attack.
The deep elf pyromancer gestures wildly while chanting.
The komodo dragon bites you!
You die...
Your body crumbles into a pile of gold.

###.........
##.#........
#..........
##.........
#.........
#........
..#.......##
......Ep.@# .
###...elp### ..
#...OpCp.#...
#.§§Epp§.....
#..§$§$...##.
#...#§$...#
##..§###......
####.....####....
....$.(....#......


You could see a two-headed ogre, a cyclops (corroded), a komodo dragon, a deep
elf pyromancer, 2 fire elementals and 6 humans.

Vanquished Creatures
  Nessos (D:13)
  Harold (D:12)
  A hydra (D:10)
  2 two-headed ogres
  A boulder beetle (D:13)
  3 centaur warriors (D:13)
  Urug (Lair:1)
  An orc knight (D:13)
  An ugly thing (D:12)
  A faun (shapeshifter) (D:12)
  2 manticores
  2 cyclopes (D:12)
  5 elephants (Lair:1)
  3 black mambas (Lair:1)
  6 cane toads (Lair:1)
  4 komodo dragons
  A hornet (D:8)
  4 trolls
  A slime creature (D:8)
  A wraith (D:12)
  A shadow (D:10)
  2 wyverns
  2 basilisks
  9 humans (D:13)
  21 yaks
  4 vampire mosquitoes
  A warg (D:12)
  3 water moccasins
  3 orc warriors
  3 black bears
  A sky beast (D:7)
  9 ogres
  3 centaurs
  3 phantoms
  3 bullfrogs
  3 scorpions
  8 wights
  6 howler monkeys
  A crimson imp (D:5)
  A hound (D:7)
  5 orc priests
  3 sleepcaps
  Jessica (D:3)
  Ijyb (D:4)
  3 iguanas (D:6)
  15 orc wizards
  9 adders
  A shadow imp (D:7)
  An ufetubus (D:6)
  A worm (D:5)
  3 dart slugs
  55 orcs
  3 ball pythons
  6 endoplasms
  2 giant cockroaches
  2 goblins (D:3)
  3 hobgoblins
  9 jackals
  7 quokkas
  2 bats (D:3)
  A frilled lizard (D:1)
  2 goblin skeletons (D:5)
  A goblin zombie (D:5)
  2 hobgoblin zombies (D:5)
  3 kobolds
  2 kobold zombies (D:5)
  An orc skeleton (D:5)
  2 orc zombies (D:5)
  3 rats
278 creatures vanquished.

Notes
Turn   | Place    | Note
-------+----------+-------------------------------------------
     0 | D:1      | olmar the Naga Fighter began the quest for the Orb.
     0 | D:1      | Reached XP level 1. HP: 21/21 MP: 1/1
   122 | D:1      | Reached XP level 2. HP: 15/28 MP: 2/2
  1109 | D:2      | Reached XP level 3. HP: 34/34 MP: 3/3
  1274 | D:2      | Found a glowing golden altar of the Shining One.
  1343 | D:2      | Identified the +2 scale mail of the Stallion {rPois}
  1655 | D:3      | Found a sacrificial altar of Ru.
  1689 | D:3      | Reached XP level 4. HP: 32/42 MP: 4/4
  1762 | D:3      | Noticed Jessica
  1770 | D:3      | Killed Jessica
  1872 | D:3      | Noticed an ogre
  1881 | D:3      | Killed an ogre
  1882 | D:3      | Reached skill level 3 in Maces & Flails
  1882 | D:3      | Reached XP level 5. HP: 6/49 MP: 5/5
  2175 | D:3      | Found a glowing silver altar of Zin.
  2176 | D:3      | Found Zin's Purification Station.
  2201 | D:3      | Bought a potion of curing for 90 gold pieces
  2281 | D:3      | Found Izxotia's Antique Armour Emporium.
  2424 | D:3      | Reached XP level 6. HP: 29/57 MP: 6/6
  2761 | D:4      | Found a hide-covered altar of Uskayaw.
  2801 | D:4      | Reached skill level 1 in Dodging
  3008 | D:4      | Reached skill level 4 in Maces & Flails
  3008 | D:4      | Reached XP level 7. HP: 32/64 MP: 7/7
  3560 | D:4      | Noticed Ijyb
  3573 | D:4      | Killed Ijyb
  3846 | D:4      | Found an ornate altar of the Wu Jian Council.
  3925 | D:5      | Entered Level 5 of the Dungeon
  3989 | D:5      | Found a broken altar of Ashenzari.
  4059 | D:5      | Reached skill level 5 in Maces & Flails
  4059 | D:5      | Reached skill level 1 in Stealth
  4132 | D:5      | Found a runed translucent gate.
  4132 | D:5      | Found a runed translucent gate.
  4132 | D:5      | Found a runed translucent gate.
  4133 | D:5      | Noticed jagang's ghost (novice AtFi)
  4160 | D:5      | Reached XP level 8. HP: 72/72 MP: 8/8
  4193 | D:5      | Found a glowing golden altar of the Shining One.
  4355 | D:5      | Reached skill level 5 in Armour
  4438 | D:5      | Found a staircase to the Ecumenical Temple.
  4547 | Temple   | Entered the Ecumenical Temple
  4603 | Temple   | Became a worshipper of Gozag Ym Sagoz the Greedy
  5304 | D:6      | Reached skill level 6 in Maces & Flails
  5573 | D:6      | Reached skill level 5 in Fighting
  5733 | D:6      | Found a bloodstained altar of Trog.
  5802 | D:6      | Reached XP level 9. HP: 65/81 MP: 9/9
  6046 | D:7      | Reached skill level 7 in Maces & Flails
  7144 | D:8      | Noticed a hornet
  7152 | D:8      | Reached skill level 8 in Maces & Flails
  7160 | D:8      | Killed a hornet
  7185 | D:8      | HP: 3/82 [orc wizard/+3 heavy glaive (13)]
  7213 | D:8      | Reached skill level 1 in Evocations
  7213 | D:8      | Reached XP level 10. HP: 48/91 MP: 10/10
  7819 | D:3      | Bought a shiny helmet for 157 gold pieces
  8151 | D:8      | Found a shimmering blue altar of Sif Muna.
  8428 | D:8      | Reached skill level 9 in Maces & Flails
  8968 | D:8      | Found a shadowy altar of Dithmenos.
  9151 | D:9      | Found a staircase to the Lair.
 10099 | D:9      | Reached skill level 10 in Maces & Flails
 10104 | D:9      | Reached XP level 11. HP: 51/99 MP: 11/11
 10121 | D:9      | Reached skill level 5 in Shields
 10360 | D:9      | Found a basalt altar of Yredelemnul.
 10461 | D:9      | Found a runed translucent gate.
 10461 | D:9      | Found a runed translucent gate.
 10461 | D:9      | Found a runed translucent gate.
 10462 | D:9      | Noticed a cyan ugly thing
 10463 | D:9      | Noticed a purple ugly thing
 10606 | D:9      | Noticed a cyan ugly thing
 10643 | D:10     | Entered Level 10 of the Dungeon
 10845 | D:10     | Found Aloclistroy's Assorted Antiques.
 11166 | D:10     | Noticed a two-headed ogre
 11174 | D:10     | Killed a two-headed ogre
 11352 | D:10     | Noticed a five-headed hydra
 11369 | D:10     | Killed a five-headed hydra
 11690 | Lair:1   | Entered Level 1 of the Lair of Beasts
 12454 | Lair:1   | Noticed Urug
 12463 | Lair:1   | Reached skill level 5 in Stealth
 12493 | Lair:1   | Killed Urug
 12886 | Lair:1   | Reached skill level 11 in Maces & Flails
 13274 | Lair:1   | HP: 3/103 [elephant (9)]
 13531 | Lair:1   | Reached XP level 12. HP: 35/111 MP: 12/12
 15333 | D:11     | Noticed a two-headed ogre
 15346 | D:11     | Killed a two-headed ogre
 15731 | D:11     | Reached skill level 12 in Maces & Flails
 16582 | D:12     | Found a staircase to the Orcish Mines.
 17579 | Orc:1    | Entered Level 1 of the Orcish Mines
 17579 | Orc:1    | Noticed Harold
 17605 | D:12     | Killed Harold
 17951 | D:13     | Noticed a boulder beetle
 17974 | D:13     | Killed a boulder beetle
 18131 | D:13     | Noticed a centaur warrior
 18144 | D:13     | Noticed a centaur warrior
 18153 | D:13     | Killed a centaur warrior
 18173 | D:13     | Killed a centaur warrior
 18178 | D:13     | Gained mutation: You can use your snake-like lower body to
                  | constrict enemies. [Naga growth]
 18178 | D:13     | Reached XP level 13. HP: 52/121 MP: 13/13
 18201 | D:13     | Noticed Nessos
 18209 | D:13     | Killed Nessos
 18210 | D:13     | Reached skill level 13 in Maces & Flails
 18233 | D:13     | Identified a scroll of acquirement
 18233 | D:13     | Acquired the ring "Ryol" {rF+ rN+ rCorr}
 18238 | D:13     | Slain by a komodo dragon

Illustrated notes

Levels and vault maps discovered:
D:1:      minmay_arrival_wavy_path, layout_basic, corexii_corridor_pit
D:2:      layout_basic, basic_altar
D:3:      layout_rooms, lemuel_round_altar, zin_purify, serial_shops, shop,
          minmay_quantized, uniq_jessica
D:4:      layout_layer_cave, lemuel_crystal_altar, nzn_wu_jian_council_hall,
          uniq_ijyb
D:5:      layout_rooms, nicolae_tso_besieged_by_evil,
          mainiacjoe_overflow_brackets, temple_hall, ebering_ghost_rock_garden
D:6:      layout_basic, nicolae_overflow_hidden_temple
D:7:      layout_loops_ring
D:8:      layout_gridville, grunt_dithmenos_shadows, lemuel_blue_sif_altar,
          special_room [special_room_orc], minmay_radiant
D:9:      layout_roguey, lemuel_round_altar, lair_entry_dummy,
          ploomutoo_gammafunk_ghost_potion_laboratory
D:10:     hellmonk_destroyed_diamonds, layout_cross, serial_shops, shop
D:11:     layout_roguey, kennysheep_generic_room_11
D:12:     layout_basic, minmay_orc_entry_temple_small
D:13:     minmay_stepped, layout_cave_pools, david_vaults_3, hellmonk_scale_shop
Temple:   nicolae_temple_hex_pool
Lair:1:   layout_layer_cave, uniq_urug
Orc:1:    emtedronai_trogs_sanctum, layout_caves, nicolae_orc_bridge_out,
          uniq_harold

Skill      XL: |  1  2  3  4  5  6  7  8  9 10 11 12 13 |
---------------+----------------------------------------+-----
Armour         | 3 4 5 6 7 9 |  9.9
Shields        | 3 4 5 6 |  6.4
Maces & Flails | 3 4 5 6 8 10 11 12 13 | 13.3
Dodging        | 1 2 3 4 |  4.7
Fighting       | 4 5 6 8 9 |  9.7
Stealth        | 1 2 4 5 6 7 |  7.0
Evocations     | 1 2 |  2.2
Throwing       | |  0.4

Action                     |  1- 3 |  4- 6 |  7- 9 | 10-12 | 13-15 || total
---------------------------+-------+-------+-------+-------+-------++-------
  Melee: Flail             |   112 |    95 |   310 |   737 |    44 ||  1298
         Constrict         |       |       |       |       |     9 ||     9
  Throw: Javelin           |       |       |       |     9 |       ||     9
         Dart              |       |       |       |     3 |       ||     3
 Invoke: Potion Petition   |       |       |     1 |     2 |     2 ||     5
Ability: Spit Poison       |     7 |     6 |    28 |    58 |       ||    99
  Evoke: Wand              |       |     1 |    18 |     5 |     5 ||    29
    Use: Potion            |       |     2 |     5 |    11 |     2 ||    20
         Scroll            |       |     4 |     5 |    11 |     2 ||    22
   Stab: Distracted        |       |       |     1 |     2 |       ||     3
         Invisible         |       |       |       |     8 |       ||     8
         Sleeping          |       |       |       |     4 |       ||     4
 Armour: Scale mail        |    67 |    62 |   163 |   322 |    59 ||   673
         Skin              |       |       |       |     2 |       ||     2
  Dodge: Dodged            |    41 |    42 |   132 |   282 |    37 ||   534
  Block: Buckler           |    15 |    28 |    91 |   181 |    23 ||   338
